Mustangs vs Gangsters
Created - May 15, 2017 at 20:13
Goals
|
| Mustangs |
1 |
0 |
3 |
4 |
| Gangsters |
0 |
2 |
0 |
2 |
|
Shots
|
| Mustangs |
6 |
7 |
16 |
29 |
| Gangsters |
13 |
11 |
11 |
35 |
|
1st period
1. Mustangs , Riley Armstrong 55 (Ben Eager 29, Ryan Keller 20) at 7:00
Penalties :
Mikko Lehtonen (Bro) for Hooking (Minor) at 7:24, Alexei Marchenko (Ham) for Cross-checking (Minor) at 14:17
2nd period
2. Gangsters , Alexandre Bolduc 33 (Gustav Nyquist 10) at 5:06 (PP)
3. Gangsters , Gustav Nyquist 13 (Alexandre Bolduc 46) at 15:59
Penalties :
Colten Teubert (Bro) for Hooking (Minor) at 0:08, Scott Mayfield (Ham) for Cross-checking (Minor) at 5:01, Eric Wellwood (Ham) for Interference (Minor) at 12:27, Ben Eager (Ham) for Roughing (Minor) at 16:04, Josh Jooris (Ham) for Holding (Minor) at 18:56
3rd period
4. Mustangs , Jerome Samson 14 (Marcus Foligno 20, Jim O'Brien 31) at 1:11
5. Mustangs , Josh Jooris 8 (Rick Schofield 56) at 10:18 (PP)
6. Mustangs , Jerome Samson 15 (Marcus Foligno 21) at 19:28
Penalties :
Cameron Gaunce (Ham) for Roughing (Minor) at 3:18, Phillip Danault (Bro) for Hooking (Minor) at 10:17, Riley Armstrong (Ham) for Slashing (Minor) at 10:31, Michael Sdao (Bro) for Roughing (Minor) at 14:06, Ben Holmstrom (Bro) for Hooking (Minor) at 16:49
Goalie Stats
Peter Mannino (Ham), 33 saves from 35 shots - (0.943), W, 28-20-9, 60:00 minutes
Mike Condon (Bro), 25 saves from 29 shots - (0.862), L, 19-23-3, 60:00 minutes
Players Stats for Mustangs
Player Name G A P +/- PIM S H SB GA TA FO MP PP MP PK MP
------------------------------------------------------------------------------------
Alexei Marchenko 0 0 0 1 2 0 0 0 0 0 0/0 9:30 0:40 0:00
Andrew Shaw 0 0 0 0 0 1 0 0 0 1 0/0 7:45 0:43 0:00
Ben Eager 0 1 1 1 2 0 5 0 0 1 1/3 18:47 3:56 3:26
Cameron Gaunce 0 0 0 0 2 0 3 2 0 0 0/0 28:23 4:04 5:39
Denis Bodrov 0 0 0 1 0 3 2 0 0 0 0/0 21:58 3:26 5:06
Eric Gryba 0 0 0 0 0 0 0 0 0 1 0/0 28:53 4:03 6:53
Eric Wellwood 0 0 0 0 2 5 0 0 0 0 0/0 17:38 3:13 2:46
Jerome Samson 2 0 2 1 0 3 2 1 0 0 3/4 13:43 0:05 2:56
Jim O'Brien 0 1 1 1 0 2 1 0 0 0 4/6 12:45 0:46 1:09
Josh Jooris 1 0 1 0 2 3 2 1 0 0 1/1 13:38 3:12 0:00
Joshua Leivo 0 0 0 0 0 0 0 0 0 0 0/0 7:09 0:00 0:00
Marcus Foligno 0 2 2 1 0 3 3 1 1 1 2/3 11:20 0:51 0:00
Mark Pysyk 0 0 0 1 0 0 2 2 0 1 0/0 21:59 3:26 5:06
Rick Schofield 0 1 1 0 0 1 2 1 1 1 5/11 13:49 3:12 0:09
Riley Armstrong 1 0 1 1 2 6 2 1 0 1 15/35 21:39 3:54 6:13
Riley Nash 0 0 0 0 0 0 0 0 1 0 0/3 7:19 0:05 0:00
Ryan Keller 0 1 1 1 0 1 3 1 3 2 1/2 21:53 3:54 7:19
Scott Mayfield 0 0 0 1 2 1 1 0 0 0 0/0 9:46 0:15 1:14
Players Stats for Gangsters
Player Name G A P +/- PIM S H SB GA TA FO MP PP MP PK MP
------------------------------------------------------------------------------------
Alexandre Bolduc 1 1 2 0 0 4 2 1 1 0 18/32 24:14 6:43 3:18
Ben Holmstrom 0 0 0 0 2 1 1 0 0 0 2/5 6:32 0:00 0:15
Colten Teubert 0 0 0 -2 2 0 1 1 4 2 0/0 28:59 7:23 3:37
Dave Dziurzynski 0 0 0 -1 0 1 4 0 0 1 0/0 15:26 5:05 0:06
Devante Smith-Pelly 0 0 0 -1 0 0 3 0 0 0 0/1 7:41 0:07 0:00
Gustav Nyquist 1 1 2 0 0 6 1 1 2 0 0/0 22:46 6:47 3:11
Magnus Paajarvi-Svensson 0 0 0 0 0 4 1 0 1 0 0/1 12:20 0:11 2:06
Matt Delahey 0 0 0 0 0 1 0 1 0 1 0/0 19:19 4:36 3:00
Maxime Sauvé 0 0 0 -1 0 3 3 1 0 1 10/20 18:32 5:05 2:50
Michael Sdao 0 0 0 0 2 1 0 1 0 0 0/0 18:44 4:36 2:24
Mikko Lehtonen 0 0 0 -1 2 5 0 0 0 0 0/0 15:19 5:05 0:00
Morgan Ellis 0 0 0 0 0 1 1 1 0 0 0/0 13:37 0:00 2:44
Nick Foligno 0 0 0 -1 0 1 2 0 0 1 3/4 22:01 6:43 1:42
Patrik Nemeth 0 0 0 0 0 0 2 0 0 0 0/0 9:43 0:00 0:00
Phillip Danault 0 0 0 0 2 0 0 0 0 0 0/0 7:42 0:00 1:36
Richard Panik 0 0 0 -1 0 3 0 0 0 0 0/2 11:05 0:11 0:00
Sean Couturier 0 0 0 0 0 3 4 0 0 0 3/3 8:08 0:00 0:50
Shaun Heska 0 0 0 -2 0 1 2 2 1 0 0/0 29:50 7:23 4:09
3 Stars
1 - Jerome Samson (Ham)
2 - Alexandre Bolduc (Bro)
3 - Marcus Foligno (Ham)
Power Play
Mustangs - 1 on 5 Attempt(s) - 20.00%
Gangsters - 1 on 7 Attempt(s) - 14.29%
Penalty Kill
Mustangs - 6 on 7 Attempt(s) - 85.71%
- Score 0 goal in Penalty Kill
Gangsters - 4 on 5 Attempt(s) - 80.00%
- Score 0 goal in Penalty Kill
Team Stat
Mustangs - Hits : 28 - Faceoff Wins : 32 - Blocked Shots : 10 - Penalty Minutes : 14
Gangsters - Hits : 27 - Faceoff Wins : 36 - Blocked Shots : 9 - Penalty Minutes : 10
Official
Referees : Auger Stephane and Furlatt Eric
Linesman : Derek Amell and Brad Lazarowich
Game Notes
Sean Couturier is injured at 2:29 of 3rd period (Strained Left Elbow)
Finance
Level 1 -- Attendance: 1515 (75.75%) -- Ticket Income $53,025
Level 2 -- Attendance: 704 (70.40%) -- Ticket Income $10,560
Total Attendance: 2219 (73.97%)
Total Ticket Income: $63,585
Other Income: $3,179
Total Income: $66,764
Mustangs
5 vs 5 Forward
Center Left Wing Right Wing Time % Phy DF OF
1 Riley Armstrong Ben Eager Ryan Keller 40 1 2 2
2 Rick Schofield Eric Wellwood Josh Jooris 30 1 2 2
3 Jim O'Brien Marcus Foligno Jerome Samson 20 1 2 2
4 Riley Nash Joshua Leivo Andrew Shaw 10 1 2 2
5 vs 5 Defense
Defense Defense Time % Phy DF OF
1 Eric Gryba Cameron Gaunce 40 1 2 2
2 Denis Bodrov Mark Pysyk 30 1 2 2
3 Alexei Marchenko Scott Mayfield 20 1 2 2
4 Eric Gryba Cameron Gaunce 10 1 2 2
PowerPlay Forward
Center Left Wing Right Wing Time % Phy DF OF
1 Riley Armstrong Ben Eager Ryan Keller 60 1 2 2
2 Rick Schofield Eric Wellwood Josh Jooris 40 1 2 2
PowerPlay Defense
Defense Defense Time % Phy DF OF
1 Eric Gryba Cameron Gaunce 60 1 2 2
2 Denis Bodrov Mark Pysyk 40 1 2 2
Penalty Kill 4 Players Forward
Center Wing Time % Phy DF OF
1 Riley Armstrong Ryan Keller 60 1 2 2
2 Ben Eager Eric Wellwood 40 1 2 2
Penalty Kill 4 Players Defense
Defense Defense Time % Phy DF OF
1 Eric Gryba Cameron Gaunce 60 1 2 2
2 Denis Bodrov Mark Pysyk 40 1 2 2
Penalty Kill - 3 Players Forward
Forward Time % Phy DF OF
1 Riley Armstrong 60 1 2 2
2 Ryan Keller 40 1 2 2
Penalty Kill - 3 Players Defense
Defense Defense Time % Phy DF OF
1 Eric Gryba Cameron Gaunce 60 1 2 2
2 Denis Bodrov Mark Pysyk 40 1 2 2
4 vs 4 Forward
Center Wing Time % Phy DF OF
1 Riley Armstrong Ryan Keller 60 1 2 2
2 Ben Eager Eric Wellwood 40 1 2 2
4 vs 4 Defense
Defense Defense Time % Phy DF OF
1 Eric Gryba Cameron Gaunce 60 1 2 2
2 Denis Bodrov Mark Pysyk 40 1 2 2
Last Minutes Offensive
Center Left Wing Right Wing Defense Defense
Riley Armstrong Ben Eager Ryan Keller Eric Gryba Cameron Gaunce
Last Minutes Defensive
Center Left Wing Right Wing Defense Defense
Riley Armstrong Ben Eager Ryan Keller Eric Gryba Cameron Gaunce
Goaltenders
Starting : Peter Mannino
Backup : Chet Pickard
Extra Forwards
Normal : Marcus Foligno, Jim O'Brien, Jerome Samson - PP : Marcus Foligno, Jim O'Brien - PK : Jerome Samson
Extra Defensemen
Normal : Alexei Marchenko, Scott Mayfield, Denis Bodrov - PP : Alexei Marchenko - PK : Scott Mayfield, Denis Bodrov
Penalty Shots
Riley Armstrong, Ryan Keller, Ben Eager, Eric Wellwood, Marcus Foligno
Scratches
Roman Horak (Healthy), J.T. Wyman (Right Wrist Injury), Dominik Uher (Healthy), Joe Finley (Healthy), Eric Knodel (Healthy)
Curtis Hamilton (Healthy), Danny Biega (Healthy), Francis Paré (Healthy), Justin Peters (Healthy), Joacim Eriksson (Healthy)
Gangsters
5 vs 5 Forward
Center Left Wing Right Wing Time % Phy DF OF
1 Alexandre Bolduc Nick Foligno Gustav Nyquist 40 1 2 2
2 Maxime Sauvé Dave Dziurzynski Mikko Lehtonen 30 1 2 2
3 Sean Couturier Magnus Paajarvi-Svensson Richard Panik 20 1 2 2
4 Ben Holmstrom Phillip Danault Devante Smith-Pelly 10 1 2 2
5 vs 5 Defense
Defense Defense Time % Phy DF OF
1 Colten Teubert Shaun Heska 40 1 2 2
2 Matt Delahey Michael Sdao 30 1 2 2
3 Patrik Nemeth Morgan Ellis 20 1 2 2
4 Colten Teubert Shaun Heska 10 1 2 2
PowerPlay Forward
Center Left Wing Right Wing Time % Phy DF OF
1 Alexandre Bolduc Nick Foligno Gustav Nyquist 60 1 2 2
2 Maxime Sauvé Dave Dziurzynski Mikko Lehtonen 40 1 2 2
PowerPlay Defense
Defense Defense Time % Phy DF OF
1 Colten Teubert Shaun Heska 60 1 2 2
2 Matt Delahey Michael Sdao 40 1 2 2
Penalty Kill 4 Players Forward
Center Wing Time % Phy DF OF
1 Alexandre Bolduc Gustav Nyquist 60 1 2 2
2 Nick Foligno Maxime Sauvé 40 1 2 2
Penalty Kill 4 Players Defense
Defense Defense Time % Phy DF OF
1 Colten Teubert Shaun Heska 60 1 2 2
2 Matt Delahey Michael Sdao 40 1 2 2
Penalty Kill - 3 Players Forward
Forward Time % Phy DF OF
1 Alexandre Bolduc 60 1 2 2
2 Gustav Nyquist 40 1 2 2
Penalty Kill - 3 Players Defense
Defense Defense Time % Phy DF OF
1 Colten Teubert Shaun Heska 60 1 2 2
2 Matt Delahey Michael Sdao 40 1 2 2
4 vs 4 Forward
Center Wing Time % Phy DF OF
1 Alexandre Bolduc Gustav Nyquist 60 1 2 2
2 Nick Foligno Maxime Sauvé 40 1 2 2
4 vs 4 Defense
Defense Defense Time % Phy DF OF
1 Colten Teubert Shaun Heska 60 1 2 2
2 Matt Delahey Michael Sdao 40 1 2 2
Last Minutes Offensive
Center Left Wing Right Wing Defense Defense
Alexandre Bolduc Nick Foligno Gustav Nyquist Colten Teubert Shaun Heska
Last Minutes Defensive
Center Left Wing Right Wing Defense Defense
Alexandre Bolduc Nick Foligno Gustav Nyquist Colten Teubert Shaun Heska
Goaltenders
Starting : Mike Condon
Backup : Braden Holtby
Extra Forwards
Normal : Sean Couturier, Richard Panik, Magnus Paajarvi-Svensson - PP : Sean Couturier, Richard Panik - PK : Magnus Paajarvi-Svensson
Extra Defensemen
Normal : Patrik Nemeth, Morgan Ellis, Matt Delahey - PP : Patrik Nemeth - PK : Morgan Ellis, Matt Delahey
Penalty Shots
Alexandre Bolduc, Gustav Nyquist, Nick Foligno, Maxime Sauvé, Mikko Lehtonen
Scratches
Curtis McKenzie (Healthy), Brett Ponich (Healthy), Stefan Noesen (Healthy), Jonas Brodin (Healthy), Taylor Doherty (Healthy)
Austen Brassard (Healthy), Phil McRae (Healthy), Jordan Binnington (Healthy), Dustin Tokarski (Healthy)
% Time on Ice - Mustangs
Lines # - Real PCT - Wanted PCT - Time Play
Normal Forward
1 - 31% - 40% - 12:02
2 - 26% - 30% - 10:27
3 - 25% - 20% - 9:49
4 - 18% - 10% - 7:09
Normal Defense
1 - 40% - 40% - 15:56
2 - 34% - 30% - 13:16
3 - 22% - 20% - 8:45
4 - 4% - 10% - 1:30
PP Forward
1 - 53% - 60% - 4:12
2 - 47% - 40% - 3:45
PP Defense
1 - 56% - 60% - 4:26
2 - 44% - 40% - 3:31
PK Forward
1 - 76% - 60% - 9:09
2 - 24% - 40% - 2:50
PK Defense
1 - 57% - 60% - 6:53
2 - 43% - 40% - 5:06
PK3 Forward
1 - 0% - 60%
2 - 0% - 40%
PK3 Defense
1 - 0% - 60%
2 - 0% - 40%
44 Forward
1 - 0% - 60%
2 - 0% - 40%
44 Defense
1 - 0% - 60%
2 - 0% - 40%
Last Minute Offensive - 0:00
Last Minute Defensive - 0:37
Total
Forward - 60:00
Defense - 60:00
|
% Time on Ice - Gangsters
Lines # - Real PCT - Wanted PCT - Time Play
Normal Forward
1 - 35% - 40% - 13:42
2 - 26% - 30% - 10:19
3 - 23% - 20% - 9:13
4 - 16% - 10% - 6:10
Normal Defense
1 - 44% - 40% - 17:12
2 - 30% - 30% - 11:43
3 - 25% - 20% - 9:43
4 - 2% - 10% - 0:46
PP Forward
1 - 58% - 60% - 6:54
2 - 42% - 40% - 5:05
PP Defense
1 - 62% - 60% - 7:23
2 - 38% - 40% - 4:36
PK Forward
1 - 73% - 60% - 5:48
2 - 27% - 40% - 2:09
PK Defense
1 - 62% - 60% - 4:57
2 - 38% - 40% - 3:00
PK3 Forward
1 - 0% - 60%
2 - 0% - 40%
PK3 Defense
1 - 0% - 60%
2 - 0% - 40%
44 Forward
1 - 0% - 60%
2 - 0% - 40%
44 Defense
1 - 0% - 60%
2 - 0% - 40%
Last Minute Offensive - 0:40
Last Minute Defensive - 0:00
Total
Forward - 60:00
Defense - 60:00
|
Play by Play
1st period
0:01 of 1st period - Ben Eager wins face-off versus Alexandre Bolduc in neutral zone.
0:04 of 1st period - Nick Foligno is hit by Ben Eager and loses puck.
0:25 of 1st period - Shaun Heska is hit by Cameron Gaunce and loses puck.
0:50 of 1st period - Slapshot by Magnus Paajarvi-Svensson.
0:50 of 1st period - Stopped by Peter Mannino with a rebound.
0:54 of 1st period - Wrist shot by Richard Panik.
0:54 of 1st period - Shot Misses the Net.
1:53 of 1st period - Wrist shot by Eric Wellwood.
1:53 of 1st period - Stopped by Mike Condon with a rebound.
1:55 of 1st period - Snap shot by Eric Wellwood.
1:55 of 1st period - Stopped by Mike Condon without a rebound.
1:56 of 1st period - Sean Couturier wins face-off versus Rick Schofield in Gangsters zone.
2:00 of 1st period - Off-side.
2:01 of 1st period - Sean Couturier wins face-off versus Rick Schofield in neutral zone.
2:06 of 1st period - Snap shot by Richard Panik.
2:06 of 1st period - Stopped by Peter Mannino with a rebound.
2:49 of 1st period - Snap shot by Marcus Foligno.
2:49 of 1st period - Shot Misses the Net.
2:51 of 1st period - Slapshot by Denis Bodrov.
2:51 of 1st period - Stopped by Mike Condon with a rebound.
3:30 of 1st period - Denis Bodrov is hit by Sean Couturier and loses puck.
3:37 of 1st period - Snap shot by Richard Panik.
3:37 of 1st period - Shot Blocked by Josh Jooris.
3:49 of 1st period - Snap shot by Gustav Nyquist.
3:49 of 1st period - Deflect By Alexandre Bolduc.
3:49 of 1st period - Shot Misses the Net.
3:49 of 1st period - Puck is out of play.
3:50 of 1st period - Nick Foligno wins face-off versus Riley Armstrong in Mustangs zone.
4:42 of 1st period - Eric Gryba is hit by Patrik Nemeth and loses puck.
5:21 of 1st period - Snap shot by Gustav Nyquist.
5:21 of 1st period - Shot Misses the Net.
5:31 of 1st period - Snap shot by Alexandre Bolduc.
5:31 of 1st period - Shot Misses the Net.
5:33 of 1st period - Snap shot by Alexandre Bolduc.
5:33 of 1st period - Stopped by Peter Mannino with a rebound.
5:35 of 1st period - Slapshot by Morgan Ellis.
5:35 of 1st period - Stopped by Peter Mannino with a rebound.
5:55 of 1st period - Wrist shot by Alexandre Bolduc.
5:55 of 1st period - Shot Misses the Net.
5:57 of 1st period - Snap shot by Alexandre Bolduc.
5:57 of 1st period - Shot Blocked by Rick Schofield.
5:59 of 1st period - Wrist shot by Nick Foligno.
5:59 of 1st period - Shot Misses the Net.
6:52 of 1st period - Slapshot by Alexandre Bolduc.
6:52 of 1st period - Stopped by Peter Mannino without a rebound.
6:53 of 1st period - Riley Armstrong wins face-off versus Maxime Sauvé in Mustangs zone.
7:00 of 1st period - Slapshot by Riley Armstrong.
7:00 of 1st period - Goal by Riley Armstrong - Mustangs : 1 - Gangsters : 0.
7:01 of 1st period - Riley Armstrong wins face-off versus Maxime Sauvé in neutral zone.
7:24 of 1st period - Minor Penalty to Mikko Lehtonen for Hooking.
7:25 of 1st period - Riley Armstrong wins face-off versus Magnus Paajarvi-Svensson in Gangsters zone.
7:40 of 1st period - Snap shot by Riley Armstrong.
7:40 of 1st period - Stopped by Mike Condon with a rebound.
7:56 of 1st period - Shaun Heska is hit by Ryan Keller and loses puck.
8:07 of 1st period - Mark Pysyk is hit by Sean Couturier and loses puck.
8:14 of 1st period - Colten Teubert is hit by Marcus Foligno.
9:24 of 1st period - Penalty to Mikko Lehtonen is over, Mikko Lehtonen is back on ice.
9:24 of 1st period - Colten Teubert is hit by Ben Eager and loses puck.
9:57 of 1st period - Alexei Marchenko is hit by Dave Dziurzynski.
10:28 of 1st period - Icing by Eric Wellwood.
10:29 of 1st period - Ben Holmstrom wins face-off versus Rick Schofield in Mustangs zone.
10:49 of 1st period - Ben Eager is hit by Dave Dziurzynski and loses puck.
11:10 of 1st period - Gustav Nyquist is hit by Jerome Samson and loses puck.
11:30 of 1st period - Alexei Marchenko is hit by Ben Holmstrom and loses puck.
11:48 of 1st period - Backhand shot by Sean Couturier.
11:48 of 1st period - Stopped by Peter Mannino without a rebound.
11:49 of 1st period - Jim O'Brien wins face-off versus Maxime Sauvé in Mustangs zone.
11:49 of 1st period - Jim O'Brien is hit by Morgan Ellis.
11:55 of 1st period - Wrist shot by Mikko Lehtonen.
11:55 of 1st period - Stopped by Peter Mannino with a rebound.
12:20 of 1st period - Wrist shot by Richard Panik.
12:20 of 1st period - Shot Misses the Net.
12:31 of 1st period - Icing by Riley Armstrong.
12:32 of 1st period - Alexandre Bolduc wins face-off versus Riley Armstrong in Mustangs zone.
12:41 of 1st period - Wrist shot by Dave Dziurzynski.
12:41 of 1st period - Shot Blocked by Ryan Keller.
13:01 of 1st period - Wrist shot by Jim O'Brien.
13:01 of 1st period - Shot Misses the Net.
13:29 of 1st period - Off-side.
13:30 of 1st period - Rick Schofield wins face-off versus Maxime Sauvé in neutral zone.
13:35 of 1st period - Josh Jooris is hit by Maxime Sauvé and loses puck.
14:00 of 1st period - Wrist shot by Gustav Nyquist.
14:00 of 1st period - Shot Misses the Net.
14:02 of 1st period - Slapshot by Matt Delahey.
14:02 of 1st period - Deflect By Gustav Nyquist.
14:02 of 1st period - Stopped by Peter Mannino without a rebound.
14:03 of 1st period - Alexandre Bolduc wins face-off versus Riley Armstrong in Mustangs zone.
14:17 of 1st period - Minor Penalty to Alexei Marchenko for Cross-checking.
14:18 of 1st period - Riley Armstrong wins face-off versus Alexandre Bolduc in Mustangs zone.
14:18 of 1st period - Riley Armstrong is hit by Nick Foligno.
15:10 of 1st period - Snap shot by Maxime Sauvé.
15:10 of 1st period - Deflect By Mikko Lehtonen.
15:10 of 1st period - Stopped by Peter Mannino without a rebound.
15:11 of 1st period - Maxime Sauvé wins face-off versus Ben Eager in Mustangs zone.
15:18 of 1st period - Slapshot by Mikko Lehtonen.
15:18 of 1st period - Stopped by Peter Mannino with a rebound.
15:36 of 1st period - Denis Bodrov is hit by Alexandre Bolduc and loses puck.
16:03 of 1st period - Jerome Samson is hit by Maxime Sauvé and loses puck.
16:17 of 1st period - Penalty to Alexei Marchenko is over, Alexei Marchenko is back on ice.
16:30 of 1st period - Slapshot by Richard Panik.
16:30 of 1st period - Stopped by Peter Mannino with a rebound.
16:32 of 1st period - Snap shot by Magnus Paajarvi-Svensson.
16:32 of 1st period - Stopped by Peter Mannino without a rebound.
16:33 of 1st period - Sean Couturier wins face-off versus Rick Schofield in Mustangs zone.
16:47 of 1st period - Rick Schofield is hit by Sean Couturier and loses puck.
17:00 of 1st period - Jim O'Brien is hit by Devante Smith-Pelly and loses puck.
17:25 of 1st period - Michael Sdao is hit by Ryan Keller and loses puck.
17:44 of 1st period - Denis Bodrov is hit by Dave Dziurzynski.
18:30 of 1st period - Wrist shot by Andrew Shaw.
18:30 of 1st period - Stopped by Mike Condon without a rebound.
18:31 of 1st period - Riley Armstrong wins face-off versus Ben Holmstrom in Gangsters zone.
18:46 of 1st period - Wrist shot by Ben Holmstrom.
18:46 of 1st period - Stopped by Peter Mannino without a rebound.
18:47 of 1st period - Jim O'Brien wins face-off versus Maxime Sauvé in Mustangs zone.
19:13 of 1st period - Eric Gryba is hit by Magnus Paajarvi-Svensson and loses puck.
19:31 of 1st period - Off-side.
19:32 of 1st period - Alexandre Bolduc wins face-off versus Riley Armstrong in neutral zone.
19:43 of 1st period - Slapshot by Alexandre Bolduc.
19:43 of 1st period - Shot Misses the Net.
19:57 of 1st period - Shaun Heska is hit by Josh Jooris and loses puck.
Goals for this period are 1 for Mustangs vs 0 for Gangsters.
Shots for this period are 6 for Mustangs vs 13 for Gangsters.
2nd period
0:01 of 2nd period - Maxime Sauvé wins face-off versus Ryan Keller in neutral zone.
0:08 of 2nd period - Minor Penalty to Colten Teubert for Hooking.
0:09 of 2nd period - Alexandre Bolduc wins face-off versus Riley Armstrong in Gangsters zone.
0:09 of 2nd period - Alexandre Bolduc is hit by Cameron Gaunce.
0:20 of 2nd period - Snap shot by Riley Armstrong.
0:20 of 2nd period - Stopped by Mike Condon with a rebound.
0:22 of 2nd period - Slapshot by Ryan Keller.
0:22 of 2nd period - Stopped by Mike Condon with a rebound.
0:34 of 2nd period - Wrist shot by Josh Jooris.
0:34 of 2nd period - Stopped by Mike Condon with a rebound.
0:36 of 2nd period - Wrist shot by Rick Schofield.
0:36 of 2nd period - Shot Misses the Net.
0:38 of 2nd period - Slapshot by Mark Pysyk.
0:38 of 2nd period - Shot Misses the Net.
0:40 of 2nd period - Slapshot by Rick Schofield.
0:40 of 2nd period - Shot Blocked by Morgan Ellis.
0:42 of 2nd period - Snap shot by Eric Wellwood.
0:42 of 2nd period - Shot Misses the Net.
0:44 of 2nd period - Wrist shot by Rick Schofield.
0:44 of 2nd period - Shot Misses the Net.
0:58 of 2nd period - Snap shot by Nick Foligno.
0:58 of 2nd period - Shot Misses the Net.
1:00 of 2nd period - Slapshot by Michael Sdao.
1:00 of 2nd period - Shot Blocked by Mark Pysyk.
1:02 of 2nd period - Snap shot by Matt Delahey.
1:02 of 2nd period - Stopped by Peter Mannino without a rebound.
1:03 of 2nd period - Josh Jooris wins face-off versus Alexandre Bolduc in Mustangs zone.
1:31 of 2nd period - Alexandre Bolduc is hit by Ben Eager.
1:42 of 2nd period - Icing by Eric Wellwood.
1:43 of 2nd period - Nick Foligno wins face-off versus Rick Schofield in Mustangs zone.
2:04 of 2nd period - Shaun Heska is hit by Ben Eager and loses puck.
2:08 of 2nd period - Penalty to Colten Teubert is over, Colten Teubert is back on ice.
2:43 of 2nd period - Scott Mayfield is hit by Devante Smith-Pelly and loses puck.
3:08 of 2nd period - Slapshot by Josh Jooris.
3:08 of 2nd period - Shot Blocked by Gustav Nyquist.
3:12 of 2nd period - Wrist shot by Rick Schofield.
3:12 of 2nd period - Deflect By Eric Wellwood.
3:12 of 2nd period - Shot Misses the Net.
3:12 of 2nd period - Puck is out of play.
3:13 of 2nd period - Riley Armstrong wins face-off versus Maxime Sauvé in Gangsters zone.
3:20 of 2nd period - Snap shot by Ryan Keller.
3:20 of 2nd period - Shot Blocked by Maxime Sauvé.
3:22 of 2nd period - Backhand shot by Ryan Keller.
3:22 of 2nd period - Shot Misses the Net.
3:38 of 2nd period - Cameron Gaunce is hit by Sean Couturier and loses puck.
4:24 of 2nd period - Alexei Marchenko is hit by Shaun Heska and loses puck.
4:41 of 2nd period - Ryan Keller is hit by Patrik Nemeth and loses puck.
5:01 of 2nd period - Minor Penalty to Scott Mayfield for Cross-checking.
5:02 of 2nd period - Alexandre Bolduc wins face-off versus Riley Armstrong in Mustangs zone.
5:02 of 2nd period - Snap shot by Gustav Nyquist.
5:02 of 2nd period - Stopped by Peter Mannino without a rebound.
5:03 of 2nd period - Alexandre Bolduc wins face-off versus Riley Armstrong in Mustangs zone.
5:06 of 2nd period - Snap shot by Alexandre Bolduc.
5:06 of 2nd period - Goal by Alexandre Bolduc - Mustangs : 1 - Gangsters : 1.
5:07 of 2nd period - Riley Armstrong wins face-off versus Nick Foligno in neutral zone.
5:46 of 2nd period - Wrist shot by Alexandre Bolduc.
5:46 of 2nd period - Shot Blocked by Mark Pysyk.
6:45 of 2nd period - Snap shot by Marcus Foligno.
6:45 of 2nd period - Stopped by Mike Condon without a rebound.
6:46 of 2nd period - Maxime Sauvé wins face-off versus Riley Armstrong in Gangsters zone.
7:11 of 2nd period - Richard Panik is hit by Cameron Gaunce and loses puck.
7:31 of 2nd period - Icing by Eric Gryba.
7:32 of 2nd period - Ben Holmstrom wins face-off versus Riley Nash in Mustangs zone.
7:37 of 2nd period - Snap shot by Maxime Sauvé.
7:37 of 2nd period - Stopped by Peter Mannino with a rebound.
7:39 of 2nd period - Snap shot by Matt Delahey.
7:39 of 2nd period - Shot Blocked by Cameron Gaunce.
8:22 of 2nd period - Wrist shot by Magnus Paajarvi-Svensson.
8:22 of 2nd period - Deflect By Sean Couturier.
8:22 of 2nd period - Stopped by Peter Mannino without a rebound.
8:23 of 2nd period - Maxime Sauvé wins face-off versus Riley Armstrong in Mustangs zone.
8:48 of 2nd period - Colten Teubert is hit by Rick Schofield and loses puck.
8:55 of 2nd period - Snap shot by Eric Wellwood.
8:55 of 2nd period - Shot Blocked by Shaun Heska.
8:57 of 2nd period - Slapshot by Scott Mayfield.
8:57 of 2nd period - Deflect By Magnus Paajarvi-Svensson.
8:57 of 2nd period - Stopped by Mike Condon without a rebound.
8:58 of 2nd period - Riley Armstrong wins face-off versus Alexandre Bolduc in Gangsters zone.
9:32 of 2nd period - Wrist shot by Eric Wellwood.
9:32 of 2nd period - Shot Misses the Net.
9:34 of 2nd period - Snap shot by Eric Wellwood.
9:34 of 2nd period - Stopped by Mike Condon with a rebound.
9:50 of 2nd period - Matt Delahey is hit by Marcus Foligno and loses puck.
10:36 of 2nd period - Maxime Sauvé is hit by Ryan Keller and loses puck.
11:26 of 2nd period - Morgan Ellis is hit by Scott Mayfield and loses puck.
11:56 of 2nd period - Slapshot by Mikko Lehtonen.
11:56 of 2nd period - Stopped by Peter Mannino with a rebound.
11:58 of 2nd period - Slapshot by Dave Dziurzynski.
11:58 of 2nd period - Shot Misses the Net.
12:12 of 2nd period - Wrist shot by Eric Wellwood.
12:12 of 2nd period - Shot Misses the Net.
12:16 of 2nd period - Snap shot by Josh Jooris.
12:16 of 2nd period - Deflect By Eric Wellwood.
12:16 of 2nd period - Shot Misses the Net.
12:16 of 2nd period - Puck is out of play.
12:17 of 2nd period - Rick Schofield wins face-off versus Maxime Sauvé in Gangsters zone.
12:27 of 2nd period - Minor Penalty to Eric Wellwood for Interference.
12:28 of 2nd period - Riley Armstrong wins face-off versus Alexandre Bolduc in Mustangs zone.
13:10 of 2nd period - Off-side.
13:11 of 2nd period - Maxime Sauvé wins face-off versus Ben Eager in neutral zone.
13:14 of 2nd period - Slapshot by Michael Sdao.
13:14 of 2nd period - Stopped by Peter Mannino without a rebound.
13:15 of 2nd period - Riley Armstrong wins face-off versus Alexandre Bolduc in Mustangs zone.
14:27 of 2nd period - Penalty to Eric Wellwood is over, Eric Wellwood is back on ice.
14:44 of 2nd period - Snap shot by Sean Couturier.
14:44 of 2nd period - Stopped by Peter Mannino without a rebound.
14:45 of 2nd period - Rick Schofield wins face-off versus Ben Holmstrom in Mustangs zone.
15:35 of 2nd period - Wrist shot by Magnus Paajarvi-Svensson.
15:35 of 2nd period - Stopped by Peter Mannino with a rebound.
15:37 of 2nd period - Slapshot by Matt Delahey.
15:37 of 2nd period - Shot Blocked by Jerome Samson.
15:39 of 2nd period - Snap shot by Richard Panik.
15:39 of 2nd period - Deflect By Magnus Paajarvi-Svensson.
15:39 of 2nd period - Stopped by Peter Mannino with a rebound.
15:41 of 2nd period - Snap shot by Magnus Paajarvi-Svensson.
15:41 of 2nd period - Shot Blocked by Marcus Foligno.
15:43 of 2nd period - Slapshot by Sean Couturier.
15:43 of 2nd period - Shot Misses the Net.
15:45 of 2nd period - Snap shot by Sean Couturier.
15:45 of 2nd period - Shot Misses the Net.
15:59 of 2nd period - Slapshot by Gustav Nyquist.
15:59 of 2nd period - Goal by Gustav Nyquist - Mustangs : 1 - Gangsters : 2.
16:00 of 2nd period - Alexandre Bolduc wins face-off versus Riley Armstrong in neutral zone.
16:04 of 2nd period - Minor Penalty to Ben Eager for Roughing.
16:05 of 2nd period - Riley Armstrong wins face-off versus Alexandre Bolduc in Mustangs zone.
16:05 of 2nd period - Riley Armstrong is hit by Nick Foligno.
16:30 of 2nd period - Riley Armstrong is hit by Dave Dziurzynski and loses puck.
17:09 of 2nd period - Backhand shot by Denis Bodrov.
17:09 of 2nd period - Stopped by Mike Condon without a rebound.
17:10 of 2nd period - Jerome Samson wins face-off versus Maxime Sauvé in Gangsters zone.
17:11 of 2nd period - Snap shot by Eric Wellwood.
17:11 of 2nd period - Shot Misses the Net.
17:47 of 2nd period - Eric Gryba is hit by Maxime Sauvé and loses puck.
18:04 of 2nd period - Penalty to Ben Eager is over, Ben Eager is back on ice.
18:56 of 2nd period - Minor Penalty to Josh Jooris for Holding.
18:57 of 2nd period - Riley Armstrong wins face-off versus Alexandre Bolduc in Mustangs zone.
19:24 of 2nd period - Wrist shot by Dave Dziurzynski.
19:24 of 2nd period - Shot Misses the Net.
19:26 of 2nd period - Slapshot by Colten Teubert.
19:26 of 2nd period - Deflect By Maxime Sauvé.
19:26 of 2nd period - Shot Misses the Net.
19:26 of 2nd period - Puck is out of play.
19:27 of 2nd period - Riley Armstrong wins face-off versus Maxime Sauvé in Mustangs zone.
Goals for this period are 0 for Mustangs vs 2 for Gangsters.
Shots for this period are 7 for Mustangs vs 11 for Gangsters.
3rd period
0:01 of 3rd period - Ryan Keller wins face-off versus Alexandre Bolduc in neutral zone.
0:09 of 3rd period - Off-side.
0:10 of 3rd period - Alexandre Bolduc wins face-off versus Riley Armstrong in neutral zone.
0:29 of 3rd period - Wrist shot by Nick Foligno.
0:29 of 3rd period - Stopped by Peter Mannino with a rebound.
0:31 of 3rd period - Slapshot by Shaun Heska.
0:31 of 3rd period - Shot Misses the Net.
0:33 of 3rd period - Snap shot by Gustav Nyquist.
0:33 of 3rd period - Stopped by Peter Mannino without a rebound.
0:34 of 3rd period - Maxime Sauvé wins face-off versus Riley Armstrong in Mustangs zone.
0:41 of 3rd period - Slapshot by Mikko Lehtonen.
0:41 of 3rd period - Shot Misses the Net.
0:49 of 3rd period - Snap shot by Dave Dziurzynski.
0:49 of 3rd period - Stopped by Peter Mannino with a rebound.
0:56 of 3rd period - Penalty to Josh Jooris is over, Josh Jooris is back on ice.
1:09 of 3rd period - Wrist shot by Marcus Foligno.
1:09 of 3rd period - Shot Blocked by Matt Delahey.
1:11 of 3rd period - Slapshot by Jerome Samson.
1:11 of 3rd period - Goal by Jerome Samson - Mustangs : 2 - Gangsters : 2.
1:12 of 3rd period - Alexandre Bolduc wins face-off versus Riley Armstrong in neutral zone.
1:12 of 3rd period - Gustav Nyquist is hit by Riley Armstrong and loses puck.
1:19 of 3rd period - Snap shot by Gustav Nyquist.
1:19 of 3rd period - Shot Misses the Net.
1:21 of 3rd period - Snap shot by Shaun Heska.
1:21 of 3rd period - Stopped by Peter Mannino without a rebound.
1:22 of 3rd period - Alexandre Bolduc wins face-off versus Riley Armstrong in Mustangs zone.
1:35 of 3rd period - Snap shot by Gustav Nyquist.
1:35 of 3rd period - Stopped by Peter Mannino without a rebound.
1:36 of 3rd period - Maxime Sauvé wins face-off versus Riley Armstrong in Mustangs zone.
1:47 of 3rd period - Slapshot by Maxime Sauvé.
1:47 of 3rd period - Stopped by Peter Mannino with a rebound.
1:49 of 3rd period - Snap shot by Dave Dziurzynski.
1:49 of 3rd period - Shot Misses the Net.
1:51 of 3rd period - Wrist shot by Maxime Sauvé.
1:51 of 3rd period - Shot Hit the Post.
2:28 of 3rd period - Sean Couturier is hit by Mark Pysyk and loses puck.
2:29 of 3rd period - Sean Couturier from Gangsters is injured at 2:29 of 3rd period (Strained Left Elbow).
2:30 of 3rd period - Alexandre Bolduc wins face-off versus Riley Armstrong in Gangsters zone.
3:08 of 3rd period - Snap shot by Rick Schofield.
3:08 of 3rd period - Stopped by Mike Condon with a rebound.
3:18 of 3rd period - Minor Penalty to Cameron Gaunce for Roughing.
3:19 of 3rd period - Riley Armstrong wins face-off versus Alexandre Bolduc in Mustangs zone.
5:14 of 3rd period - Eric Wellwood is hit by Devante Smith-Pelly and loses puck.
5:18 of 3rd period - Penalty to Cameron Gaunce is over, Cameron Gaunce is back on ice.
5:29 of 3rd period - Cameron Gaunce is hit by Shaun Heska and loses puck.
5:36 of 3rd period - Magnus Paajarvi-Svensson is hit by Riley Armstrong.
5:46 of 3rd period - Richard Panik is hit by Mark Pysyk and loses puck.
5:55 of 3rd period - Slapshot by Riley Armstrong.
5:55 of 3rd period - Stopped by Mike Condon with a rebound.
5:57 of 3rd period - Wrist shot by Alexei Marchenko.
5:57 of 3rd period - Shot Blocked by Shaun Heska.
5:59 of 3rd period - Snap shot by Eric Wellwood.
5:59 of 3rd period - Shot Blocked by Colten Teubert.
6:01 of 3rd period - Wrist shot by Riley Armstrong.
6:01 of 3rd period - Stopped by Mike Condon without a rebound.
6:02 of 3rd period - Alexandre Bolduc wins face-off versus Jim O'Brien in Gangsters zone.
6:02 of 3rd period - Alexandre Bolduc is hit by Marcus Foligno.
6:10 of 3rd period - Snap shot by Jim O'Brien.
6:10 of 3rd period - Shot Blocked by Michael Sdao.
6:16 of 3rd period - Snap shot by Marcus Foligno.
6:16 of 3rd period - Deflect By Gustav Nyquist.
6:16 of 3rd period - Shot Blocked by Alexandre Bolduc.
6:16 of 3rd period - Puck is out of play.
6:17 of 3rd period - Maxime Sauvé wins face-off versus Riley Nash in Gangsters zone.
6:28 of 3rd period - Slapshot by Michael Sdao.
6:28 of 3rd period - Shot Misses the Net.
6:30 of 3rd period - Wrist shot by Maxime Sauvé.
6:30 of 3rd period - Stopped by Peter Mannino without a rebound.
6:31 of 3rd period - Alexandre Bolduc wins face-off versus Jim O'Brien in Mustangs zone.
6:44 of 3rd period - Snap shot by Nick Foligno.
6:44 of 3rd period - Shot Misses the Net.
7:05 of 3rd period - Slapshot by Josh Jooris.
7:05 of 3rd period - Stopped by Mike Condon with a rebound.
7:21 of 3rd period - Snap shot by Magnus Paajarvi-Svensson.
7:21 of 3rd period - Shot Blocked by Cameron Gaunce.
7:23 of 3rd period - Wrist shot by Richard Panik.
7:23 of 3rd period - Stopped by Peter Mannino with a rebound.
8:05 of 3rd period - Snap shot by Jim O'Brien.
8:05 of 3rd period - Stopped by Mike Condon with a rebound.
8:23 of 3rd period - Slapshot by Mikko Lehtonen.
8:23 of 3rd period - Stopped by Peter Mannino with a rebound.
8:39 of 3rd period - Slapshot by Denis Bodrov.
8:39 of 3rd period - Shot Misses the Net.
8:41 of 3rd period - Snap shot by Denis Bodrov.
8:41 of 3rd period - Stopped by Mike Condon without a rebound.
8:42 of 3rd period - Maxime Sauvé wins face-off versus Riley Armstrong in Gangsters zone.
8:49 of 3rd period - Snap shot by Richard Panik.
8:49 of 3rd period - Shot Blocked by Riley Armstrong.
8:51 of 3rd period - Slapshot by Michael Sdao.
8:51 of 3rd period - Shot Misses the Net.
9:03 of 3rd period - Wrist shot by Alexandre Bolduc.
9:03 of 3rd period - Stopped by Peter Mannino without a rebound.
9:04 of 3rd period - Rick Schofield wins face-off versus Alexandre Bolduc in Mustangs zone.
9:15 of 3rd period - Snap shot by Eric Wellwood.
9:15 of 3rd period - Stopped by Mike Condon with a rebound.
9:17 of 3rd period - Slapshot by Denis Bodrov.
9:17 of 3rd period - Deflect By Eric Wellwood.
9:17 of 3rd period - Shot Misses the Net.
9:17 of 3rd period - Puck is out of play.
9:18 of 3rd period - Riley Armstrong wins face-off versus Maxime Sauvé in Gangsters zone.
9:43 of 3rd period - Ben Eager is hit by Alexandre Bolduc and loses puck.
10:08 of 3rd period - Wrist shot by Eric Wellwood.
10:08 of 3rd period - Shot Misses the Net.
10:17 of 3rd period - Minor Penalty to Phillip Danault for Hooking.
10:18 of 3rd period - Rick Schofield wins face-off versus Alexandre Bolduc in Gangsters zone.
10:18 of 3rd period - Snap shot by Josh Jooris.
10:18 of 3rd period - Goal by Josh Jooris - Mustangs : 3 - Gangsters : 2.
10:19 of 3rd period - Alexandre Bolduc wins face-off versus Riley Armstrong in neutral zone.
10:31 of 3rd period - Minor Penalty to Riley Armstrong for Slashing.
10:32 of 3rd period - Alexandre Bolduc wins face-off versus Jerome Samson in Mustangs zone.
10:38 of 3rd period - Snap shot by Gustav Nyquist.
10:38 of 3rd period - Stopped by Peter Mannino without a rebound.
10:39 of 3rd period - Jerome Samson wins face-off versus Alexandre Bolduc in Mustangs zone.
10:50 of 3rd period - Ryan Keller is hit by Gustav Nyquist and loses puck.
11:07 of 3rd period - Wrist shot by Maxime Sauvé.
11:07 of 3rd period - Shot Hit the Post.
11:47 of 3rd period - Matt Delahey is hit by Jim O'Brien and loses puck.
11:54 of 3rd period - Gustav Nyquist is hit by Denis Bodrov and loses puck.
12:31 of 3rd period - Penalty to Riley Armstrong is over, Riley Armstrong is back on ice.
13:07 of 3rd period - Backhand shot by Eric Wellwood.
13:07 of 3rd period - Shot Misses the Net.
13:24 of 3rd period - Icing by Patrik Nemeth.
13:25 of 3rd period - Jim O'Brien wins face-off versus Ben Holmstrom in Gangsters zone.
13:48 of 3rd period - Mikko Lehtonen is hit by Rick Schofield and loses puck.
14:06 of 3rd period - Minor Penalty to Michael Sdao for Roughing.
14:07 of 3rd period - Alexandre Bolduc wins face-off versus Riley Armstrong in Gangsters zone.
14:36 of 3rd period - Wrist shot by Eric Wellwood.
14:36 of 3rd period - Stopped by Mike Condon without a rebound.
14:37 of 3rd period - Alexandre Bolduc wins face-off versus Rick Schofield in Gangsters zone.
14:37 of 3rd period - Alexandre Bolduc is hit by Denis Bodrov.
16:02 of 3rd period - Magnus Paajarvi-Svensson is hit by Josh Jooris and loses puck.
16:06 of 3rd period - Penalty to Michael Sdao is over, Michael Sdao is back on ice.
16:23 of 3rd period - Slapshot by Marcus Foligno.
16:23 of 3rd period - Stopped by Mike Condon with a rebound.
16:30 of 3rd period - Icing by Mikko Lehtonen.
16:31 of 3rd period - Maxime Sauvé wins face-off versus Riley Nash in Gangsters zone.
16:49 of 3rd period - Minor Penalty to Ben Holmstrom for Hooking.
16:50 of 3rd period - Alexandre Bolduc wins face-off versus Riley Armstrong in Gangsters zone.
16:50 of 3rd period - Alexandre Bolduc is hit by Ben Eager.
17:05 of 3rd period - Wrist shot by Ben Eager.
17:05 of 3rd period - Deflect By Riley Armstrong.
17:05 of 3rd period - Stopped by Mike Condon with a rebound.
17:31 of 3rd period - Denis Bodrov is hit by Colten Teubert and loses puck.
18:49 of 3rd period - Penalty to Ben Holmstrom is over, Ben Holmstrom is back on ice.
18:57 of 3rd period - Off-side.
18:58 of 3rd period - Jack Capuano call a timeout for Gangsters.
18:58 of 3rd period - Nick Foligno wins face-off versus Marcus Foligno in neutral zone.
19:03 of 3rd period - Shaun Heska is hit by Jerome Samson and loses puck.
19:16 of 3rd period - Slapshot by Marcus Foligno.
19:16 of 3rd period - Stopped by Mike Condon without a rebound.
19:17 of 3rd period - Marcus Foligno wins face-off versus Richard Panik in Gangsters zone.
19:18 of 3rd period - Snap shot by Jerome Samson.
19:18 of 3rd period - Shot Misses the Net.
19:20 of 3rd period - Wrist shot by Cameron Gaunce.
19:20 of 3rd period - Shot Misses the Net.
19:22 of 3rd period - Slapshot by Jim O'Brien.
19:22 of 3rd period - Stopped by Mike Condon without a rebound.
19:23 of 3rd period - Jerome Samson wins face-off versus Devante Smith-Pelly in Gangsters zone.
19:24 of 3rd period - Snap shot by Marcus Foligno.
19:24 of 3rd period - Shot Misses the Net.
19:26 of 3rd period - Snap shot by Jerome Samson.
19:26 of 3rd period - Stopped by Mike Condon without a rebound.
19:27 of 3rd period - Marcus Foligno wins face-off versus Richard Panik in Gangsters zone.
19:28 of 3rd period - Wrist shot by Jerome Samson.
19:28 of 3rd period - Goal by Jerome Samson - Mustangs : 4 - Gangsters : 2.
19:29 of 3rd period - Jim O'Brien wins face-off versus Alexandre Bolduc in neutral zone.
Goals for this period are 3 for Mustangs vs 0 for Gangsters.
Shots for this period are 16 for Mustangs vs 11 for Gangsters.
Back to the Top